 Dungeon Crawl Stone Soup version 0.27-a0-1200-g94dc6ad4cf (webtiles) character file.

Game seed: 10816334183528279850

147 Lanoc the Shooter (level 5, -4/41 HPs)
             Began as a Mummy Hunter on June 1, 2021.
             Was a Plaything of Xom.
             Slain by Crazy Yiuf
             ... wielding a +3 quarterstaff of chaos
              (13 damage)
             ... on level 4 of the Dungeon.
             The game lasted 00:04:07 (2922 turns).

Lanoc the Shooter (Mummy Hunter)                    Turns: 2922, Time: 00:04:07

Health: -4/41      AC:  3    Str: 15    XL:     5   Next: 7%
Magic:  0/5        EV: 12    Int: 16    God:    Xom [.....*]
Gold:   119        SH:  0    Dex: 14    Spells: 4/4 levels left

rFire    x . .     SeeInvis .   a - +1 shortbow
rCold    + . .     Faith    .   (shield currently unavailable)
rNeg     + + +     Spirit   .   c - +0 leather armour
rPois    ∞         Reflect  .   (no helmet)
rElec    .         Harm     .   (no cloak)
rCorr    .         Rampage  .   (no gloves)
Will     .....                  (no boots)
Stlth    +.........             l - amulet of the acrobat
HPRegen  0.13/turn              h - +6 ring of intelligence
MPRegen  0.09/turn              g - ring of flight

@: flying
A: cold resistance 1, negative energy resistance 3, torment resistance 2, heat
vulnerability 1, no potions
a: Renounce Religion


You were on level 4 of the Dungeon.
You worshipped Xom.
You were Xom's teddy bear.
You visited 1 branch of the dungeon, and saw 4 of its levels.

You collected 119 gold pieces.

Inventory:

Hand Weapons
 a - a +1 shortbow (weapon)
 b - a +0 short sword
Missiles
 d - 74 arrows (quivered ammo)
Armour
 c - a +0 leather armour (worn)
Jewellery
 g - a ring of flight (right hand)
 h - a +6 ring of intelligence (left hand)
 l - an amulet of the acrobat (around neck)
Wands
 f - a wand of iceblast (5)
 o - a wand of mindburst (9)
Scrolls
 e - a scroll of fear {unknown}
 i - 6 scrolls of identify {unknown}
 j - a scroll of amnesia {unknown}
 k - 2 scrolls of teleportation {unknown}
 m - a scroll of magic mapping {unknown}
 n - a scroll of summoning {unknown}
 p - a scroll of blinking {unknown}


   Skills:
 + Level 3.1 Fighting
 * Level 4.4 Bows
 + Level 2.5 Dodging
 - Level 0.7 Stealth


You had 4 spell levels left.
You didn't know any spells.
Your spell library contained the following spells:

 Spells                   Type           Power      Damage    Failure   Level
 Confusing Touch          Hex            0%         N/A       67%         3
 Gell's Gravitas          Tloc           0%         N/A       67%         3
 Petrify                  Tmut/Erth      0%         N/A       97%         4
 Metabolic Englaciation   Hex/Ice        0%         N/A       100%        5
 Yara's Violent Unravell  Hex/Tmut       0%         3d3       100%        5


Dungeon Overview and Level Annotations

Branches:
Dungeon (4/15)
 Temple: D:4-7

Altars:
Trog
Uskayaw
Xom

Annotations:
D:4 Crazy Yiuf


Innate Abilities, Weirdness & Mutations

You are immune to poison.
Your flesh is cold resistant. (rC+)
You are immune to negative energy. (rN+++)
You are immune to unholy pain and torment.
You are vulnerable to heat. (rF-)
You do not drink.


Message History

d - 79 arrows (gained 2)
Things that are here:
a +0 club; 4 stones
There is a stone staircase leading down here.
You are now Xom's teddy bear.
There is a stone staircase leading up here.
You see here a +0 hand axe.
Crazy Yiuf shouts!
You reach down and open the door.
You shoot an arrow. The arrow barely misses Crazy Yiuf.
Crazy Yiuf hits you with a +3 quarterstaff of chaos!
You convulse.
You shoot an arrow. The arrow hits Crazy Yiuf.
Crazy Yiuf is moderately wounded.
Crazy Yiuf hits you with a +3 quarterstaff of chaos!
You feel your power leaking away.
You are too injured to fight recklessly!
Fire: 77 arrows
Press: ? - help, Q - select action, (/) - cycle Shift-Dir - straight line, f/p - Crazy Yiuf
Aim: Crazy Yiuf, wielding a +3 quarterstaff of chaos and wearing a +0 cloak (moderately wounded, 66% to hit)
You shoot an arrow. The arrow hits Crazy Yiuf.
Crazy Yiuf is moderately wounded.
Crazy Yiuf shuffles his notes under his cloak.
Crazy Yiuf closely misses you.
Fire: 76 arrows
Press: ? - help, Q - select action, (/) - cycle Shift-Dir - straight line, f/p - Crazy Yiuf
Aim: Crazy Yiuf, wielding a +3 quarterstaff of chaos and wearing a +0 cloak (moderately wounded, 66% to hit)
You shoot an arrow. The arrow hits Crazy Yiuf.
Crazy Yiuf is heavily wounded.
Crazy Yiuf hits you with a +3 quarterstaff of chaos!
* * * LOW HITPOINT WARNING * * *
You easily resist.
Fire: 75 arrows
Press: ? - help, Q - select action, (/) - cycle Shift-Dir - straight line, f/p - Crazy Yiuf
Aim: Crazy Yiuf, wielding a +3 quarterstaff of chaos and wearing a +0 cloak (heavily wounded, 66% to hit)
You shoot an arrow.
The arrow hits Crazy Yiuf but does no damage.
Crazy Yiuf is heavily wounded.
Crazy Yiuf hits you with a +3 quarterstaff of chaos!
You die...

#....###..####.#..<
#....# #..##.......
♣....♣ #......##.##
♣♣...♣ #....#....#
♣♣.♣♣ #.......####
♣♣.♣ #....#.#....
♣.♣♣ #..###...###
♣♣.♣ ##.....###
♣@♣♣ #...##.# #g#
##.###.# ...
#...#.# #...#
###...# #)(.# ##..#
##### ####


You could see Crazy Yiuf.

Vanquished Creatures
  A bullfrog skeleton (D:4)
  Robin (D:3)
  3 adders
  A dart slug (D:1)
  7 orcs
  4 endoplasms
  2 giant cockroaches
  12 goblins
  8 hobgoblins
  7 jackals
  3 quokkas
  3 ball pythons
  4 bats
  3 frilled lizards
  A kobold (D:4)
  5 rats
65 creatures vanquished.

Notes
Turn   | Place    | Note
-------+----------+-------------------------------------------
     0 | D:1      | Lanoc the Mummy Hunter began the quest for the Orb.
     0 | D:1      | Reached XP level 1. HP: 16/16 MP: 1/1
   115 | D:1      | Reached XP level 2. HP: 13/22 MP: 2/2
   428 | D:1      | Found a faded altar of an unknown god.
   437 | D:1      | Became a worshipper of Xom of Chaos
   536 | D:1      | XOM: divination: detect items
   896 | D:2      | XOM: divination: detect items
  1114 | D:2      | Reached XP level 3. HP: 28/28 MP: 3/3
  1489 | D:3      | Reached skill level 4 in Bows
  1532 | D:3      | XOM: scenery: create altars
  1604 | D:3      | Reached XP level 4. HP: 34/34 MP: 4/4
  1735 | D:3      | XOM: god gift: wand of iceblast (5)
  1737 | D:3      | XOM: 1-stop teleportation journey
  1805 | D:3      | Noticed Robin
  1817 | D:3      | Killed Robin
  2042 | D:3      | XOM: 5-stop teleportation journey
  2240 | D:3      | XOM: cloud trail
  2253 | D:3      | XOM: scenery: summon butterflies
  2347 | D:4      | XOM: divination: magic mapping
  2489 | D:4      | Reached XP level 5. HP: 22/41 MP: 5/5
  2506 | D:4      | XOM: 4-stop teleportation journey
  2600 | D:4      | XOM: scenery: summon butterflies
  2717 | D:4      | Found a runed translucent door.
  2718 | D:4      | Noticed Crazy Yiuf
  2756 | D:4      | Found a bloodstained altar of Trog.
  2757 | D:4      | Found a hide-covered altar of Uskayaw.
  2922 | D:4      | Slain by Crazy Yiuf

Illustrated notes

Levels and vault maps discovered:
D:1:      dpeg_arrival_windows_large_door, layout_basic, basic_ecumenical_altar,
          minmay_statues_item
D:2:      layout_loops_ring
D:3:      layout_rooms, uniq_robin
D:4:      layout_rooms, chequers_temple_overflow_statue_of_worship,
          uniq_crazy_yiuf_cottage

Skill      XL: |  1  2  3  4 |
---------------+-------------+-----
Dodging        | 2 |  2.5
Bows           | 4 |  4.4
Fighting       | 3 |  3.1
Stealth        | |  0.7

Action                   |  1- 3 |  4- 6 || total
-------------------------+-------+-------++-------
 Fire: Shortbow          |   100 |    87 ||   187
Armor: Leather armour    |     6 |    14 ||    20
Dodge: Dodged            |    30 |    26 ||    56

Table legend: (Time is in decaauts)
 A = Elapsed time spent in this place.
 B = Non-inter-level travel time spent in this place.
 C = Inter-level travel time spent in this place.
 D = Time resting spent in this place.
 E = Time spent auto-exploring this place.
 F = Levels seen in this place.
 G = Mean time per level.
                   A        B        C        D        E       F      G
               +--------+--------+--------+--------+--------+-----+--------+
         Total |   2940 |   2843 |     97 |      0 |   2469 |   4 |  735.0 |
       Dungeon |   2940 |   2843 |     97 |      0 |   2469 |   4 |  735.0 |
               +--------+--------+--------+--------+--------+-----+--------+

Top non-repeatable levels by time:
     D:3: 889 daAuts
     D:1: 773 daAuts
     D:2: 692 daAuts
     D:4: 585 daAuts
